Map: Alcyone LE

Players

A.I. 1 (Harder)

  • Race: Terran Terran
  • Spawn Location: 1:00

kiraxalex - Winner!

  • Race: Protoss Protoss
  • Spawn Location: 7:00

VOD

Have the link to the VOD?

Description

Time

  • Played on: Sept. 9, 2024, 11:50 a.m.
  • Length: 15:07
Show
View Real Time Build Order
Export as new Build Order

A.I. 1 (Harder) Terran 

Build Orders:  

Get SALT Encoding   

  12  0:00  SCV  
  13  0:13  SCV  
  14  0:19  Supply Depot  
  14  0:25  SCV  
  15  0:40  SCV  
  15  0:42  Barracks  
  16  0:47  Refinery  
  16  0:52  SCV  
  17  1:04  SCV  
  18  1:17  SCV  
  19  1:19  Supply Depot  
  19  1:29  SCV, Marine  
  21  1:39  Barracks  
  21  1:42  Orbital Command  
  21  1:47  Refinery, Barracks Tech Lab  
  21  2:03  Factory  
  21  2:05  Marine  
  22  2:23  Marauder  
  22  2:26  Marine  
  22  2:27  Supply Depot  
  25  2:44  Marine  
  26  2:46  Marauder  
  28  2:54  Hellion  
  28  2:56  Supply Depot  
  30  3:02  Marine  
  31  3:09  Marine  
  32  3:19  Marine  
  33  3:27  Supply Depot, Marine  
  34  3:37  Marine  
  35  3:46  Marauder  
  37  3:49  Hellion, SCV  
  37  3:55  Supply Depot  
  40  3:57  Marine  
  40  4:01  SCV  
  42  4:07  Marauder  
  42  4:08  Engineering Bay  
  44  4:13  Hellion, SCV  
  47  4:25  SCV  
  48  4:34  Hellion  
  48  4:37  SCV  
  51  4:49  SCV  
  52  4:56  Hellion  
  53  6:16  Reaper, Barracks Tech Lab  
  53  6:17  Stimpack, Terran Infantry Weapons Level 1  
  53  6:18  Factory, Factory Tech Lab  
  54  6:21  Starport  
  54  6:24  Starport, Command Center  
  54  6:26  Supply Depot  
  54  6:28  Missile Turret  
  54  6:30  Missile Turret  
  54  6:34  Combat Shield, Marine  
  55  6:48  Marine  
  55  6:49  Supply Depot  
  55  6:52  Marauder  
  56  6:57  Starport Tech Lab  
  46  7:01  Starport Tech Lab, Factory Tech Lab  
  46  7:06  Marauder  
  36  7:13  Marine  
  33  7:16  Raven  
  33  7:20  Raven  
  37  7:27  Marine  
  38  7:31  Marine  
  39  7:42  SCV  
  39  7:43  SCV  
  41  7:45  Marine  
  41  7:47  Refinery  
  41  7:49  Marine  
  43  7:51  Refinery  
  43  7:54  SCV  
  43  7:56  SCV  
  45  8:03  Marine  
  46  8:07  SCV, Marauder  
  46  8:08  Concussive Shells, SCV  
  46  8:11  Terran Infantry Armor Level 1  
  50  8:19  SCV  
  51  8:20  SCV  
  51  8:21  Reaper  
  53  8:28  Marine  
  53  8:31  SCV  
  53  8:32  SCV  
  56  8:43  SCV  
  56  8:44  SCV  
  56  8:45  Bunker  
  56  8:46  Marine  
  59  8:53  Marine  
  59  8:55  Missile Turret, SCV  
  61  8:56  SCV  
  62  9:04  Missile Turret, Marauder  
  62  9:07  SCV  
  62  9:08  SCV  
  66  9:11  Marine  
  67  9:17  Sensor Tower  
  67  9:19  SCV  
  67  9:22  SCV  
  67  9:23  Armory  
  69  9:25  Marine  
  69  9:28  Marine  
  69  9:30  Bunker  
  71  9:31  SCV  
  71  9:34  SCV  
  73  9:43  SCV, Reaper, Barracks  
  75  9:47  Marauder  
  77  10:08  Marauder  
  79  10:15  Marine  
  80  10:29  Marine  
  80  10:30  Barracks Reactor  
  80  10:33  Reaper  
  82  10:38  Terran Infantry Weapons Level 2, Medivac x2  
  82  10:39  Terran Vehicle Weapons Level 1  
  82  10:42  Starport  
  86  10:46  Supply Depot, Command Center  
  86  10:47  Marauder  
  88  10:50  Ghost Academy  
  88  10:53  Factory  
  68  11:05  Marauder  
  68  11:07  Medivac, Marine  
  68  11:08  Raven, Marine  
  68  11:10  Marine  
  63  11:19  Starport Reactor  
  63  11:25  Marine  
  64  11:27  Marauder x2  
  64  11:28  Marine  
  69  11:36  Factory Tech Lab  
  69  11:38  Raven  
  71  11:42  Raven  
  71  11:43  Marine  
  71  11:46  Marine  
  75  11:47  Marine  
  75  11:48  Marauder  
  78  11:56  Supply Depot  
  78  11:59  SCV  
  78  12:00  Marine  
  78  12:01  SCV  
  81  12:02  SCV  
  81  12:03  Marine  
  81  12:05  Marine  
  84  12:09  Marine  
  84  12:10  Missile Turret  
  84  12:11  SCV  
  84  12:13  Missile Turret, SCV  
  88  12:15  SCV  
  88  12:18  Marine  
  88  12:21  Marine  
  90  12:24  SCV, Marauder  
  90  12:25  Fusion Core  
  90  12:26  Raven, SCV  
  90  12:27  Marauder  
  88  12:32  Medivac  
  88  12:36  Marine  
  73  12:39  Marine  
  73  12:44  Medivac  
  68  12:45  Marauder  
  68  12:48  Viking  
  68  12:49  Marauder  
  68  12:54  Marine  
  68  12:57  Hellion, Marine  
  54  13:00  Viking  
  54  13:02  Raven  
  54  13:06  Marine  
  54  13:12  Marine  
  48  13:19  Marine  
  48  13:24  Marine, Command Center  
  33  13:29  Viking  
  26  13:35  SCV  
  26  13:38  SCV  
  21  13:50  SCV  
  17  14:03  SCV  
  18  14:10  Barracks  
  18  14:15  SCV  
  17  14:27  Supply Depot  
Show
View Real Time Build Order
Export as new Build Order

kiraxalex Protoss - Winner!

Build Orders: 1 Gate Expand 

Get SALT Encoding   

  12  0:00  Probe  
  13  0:12  Probe  
  14  0:19  Pylon  
  14  0:24  Probe  
  15  0:37  Probe  
  15  0:39  Gateway  
  16  0:46  Assimilator  
  16  0:49  Probe  
  17  0:56  Pylon  
  17  1:02  Probe  
  18  1:14  Probe  
  19  1:29  Nexus  
  19  1:33  Probe  
  20  1:44  Cybernetics Core  
  20  1:46  Probe  
  21  1:50  Assimilator  
  21  1:58  Probe  
  22  2:04  Forge  
  22  2:10  Probe  
  22  2:15  Warp Gate (Chrono Boost)  
  23  2:20  Stalker (Chrono Boost)  
  25  2:26  Probe  
  26  2:31  Pylon  
  26  2:41  Probe x2  
  28  2:51  Pylon  
  28  2:55  Probe x2  
  30  3:12  Photon Cannon  
  30  3:13  Photon Cannon  
  30  3:16  Shield Battery  
  30  3:20  Shield Battery  
  30  3:23  Probe x2  
  32  3:35  Gateway  
  32  3:37  Gateway  
  32  3:42  Probe x2  
  34  3:52  Stalker  
  34  3:55  Protoss Ground Weapons Level 1 (Chrono Boost)  
  36  3:56  Probe x2  
  38  4:08  Probe x2  
  40  4:16  Pylon  
  40  4:20  Probe x2  
  42  4:25  Stalker  
  42  4:29  Stalker  
  46  4:31  Stalker  
  46  4:32  Probe x2  
  46  4:37  Pylon  
  50  4:44  Probe x2  
  50  4:45  Robotics Facility  
  52  4:48  Robotics Facility  
  52  4:56  Probe  
  52  4:57  Probe  
  54  5:00  Assimilator  
  54  5:05  Stalker x3  
  60  5:11  Probe x2  
  62  5:14  Assimilator  
  62  5:24  Pylon  
  62  5:26  Probe x2  
  64  5:33  Twilight Council  
  64  5:39  Probe x2  
  66  5:50  Nexus  
  66  5:56  Probe x2  
  68  6:07  Stalker x3  
  68  6:11  Immortal  
  78  6:13  Immortal  
  82  6:30  Pylon  
  82  6:46  Pylon, Stalker x2  
  86  6:49  Pylon  
  86  6:52  Pylon  
  72  7:13  Probe x3  
  75  7:20  Blink  
  75  7:33  Gateway  
  75  7:35  Gateway  
  75  7:38  Gateway  
  75  7:39  Gateway  
  75  7:42  Gateway  
  75  7:43  Gateway  
  75  7:48  Gateway x2  
  75  7:51  Gateway  
  75  7:52  Gateway  
  75  7:53  Gateway  
  75  7:54  Gateway  
  75  7:56  Gateway  
  75  8:07  Probe x3  
  75  8:11  Stalker x3  
  84  8:19  Probe x3  
  87  8:27  Protoss Ground Weapons Level 2 (Chrono Boost)  
  87  8:37  Probe x3  
  90  8:46  Assimilator  
  90  8:47  Nexus  
  90  8:49  Probe x3  
  93  8:57  Pylon  
  93  9:01  Pylon  
  93  9:04  Pylon  
  93  9:10  Pylon, Immortal  
  93  9:11  Warp Prism  
  99  9:21  Zealot x3, Charge  
  99  9:22  Zealot x9  
  123  9:35  Nexus  
  123  9:40  Probe  
  123  9:41  Probe x2  
  126  9:52  Assimilator  
  126  9:53  Probe  
  127  10:01  Sentry x5  
  137  10:10  Pylon  
  137  10:16  Stalker x6  
  137  10:17  Stalker x2  
  137  10:20  Probe x4  
  157  10:34  Immortal x2  
  165  10:39  Probe x3  
  165  10:40  Probe  
  165  11:00  Stalker x6  
  165  11:01  Stalker x6  
  167  11:18  Probe x5  
  172  11:29  Stalker x5  
  172  11:30  Stalker x5  
  192  11:32  Protoss Ground Weapons Level 3 (Chrono Boost)  
  192  11:45  Stalker  
  192  11:46  Stalker x2  
  186  12:32  Stalker  
  186  12:33  Stalker x7  
  188  13:49  Stalker x6  
Tags
 
Matchup
PvT
Spawn Locations
Cross Positions
Add a new tag
Caveats
  • Supply blocks, unpowered buildings, or Contaminate may cause inaccurate times.
  • Supply counts are checked every 10 seconds.